cohdb
Replays
Latest Replays
All Replays
Popular Replays
Top Player Replays
Match Explorer
How It Works
Community
CoH3 Stats
Reddit
Sign in to upload your games and track your stats! →
Sign in with Steam
Match 30468186
Unlisted
Match 30468186
Overview
Messages
Build Orders
End
Construct Barracks
Selects Armored Battlegroup
Selects Veteran Crews
1⁄4-ton 4x4 Truck
1⁄4-ton 4x4 Truck
1⁄4-ton 4x4 Truck
Riflemen Squad
Riflemen Squad
Construct Medical Station
Selects Fast Deploy
Grenade Package
Mechanized Support Center
M1918 Browning Automatic Rifles
Construct Weapon Support Center
M1919 Machine Gun Team
M1919 Machine Gun Team
M16 Multiple Gun Motor Carriage
听风就是雨
후암후암
SHIRO
克劳塞尔
TidaL
Dying Hentai
0
0
Comments
sign in to comment!
No comments posted yet!